 Dungeon Crawl Stone Soup version 0.25-a0-251-g572059c536 (webtiles) character file.

Game seed: 14715842049184259942, levelgen mode: classic

11437 Borgoz the Carver (level 11, -2/69 HPs)
             Began as a Gargoyle Gladiator on Dec 4, 2019.
             Was a Believer of Ashenzari.
             Slain by a troll (6 damage)
             ... on level 9 of the Dungeon.
             The game lasted 00:24:58 (11064 turns).

Borgoz the Carver (Gargoyle Gladiator)             Turns: 11064, Time: 00:24:59

Health: -2/69      AC: 22    Str: 20    XL:     11   Next: 77%
Magic:  15/15      EV: 16    Int:  8    God:    Ashenzari [**....]
Gold:   479        SH:  0    Dex: 13    Spells: 13/16 levels left

rFire    . . .     SeeInvis .   D - +1 long sword (curse)
rCold    + . .     Gourm    .   (no shield)
rNeg     + . .     Faith    +   q - +2 ring mail {rC+} (curse)
rPois    ∞         Spirit   .   c - +1 helmet
rElec    +         Reflect  .   l - +0 cloak
rCorr    .         Harm     .   (no gloves)
MR       +....                  n - +1 pair of boots
Stlth    +.........             G - amulet of faith
HPRegen  0.21/turn              i - ring of protection from magic
MPRegen  0.14/turn              (no ring)

@: no status effects
A: negative energy resistance 1, electricity resistance, unbreathing,
petrification resistance, rot immunity, AC +8
a: Curse Item, Scrying, Renounce Religion


You were on level 9 of the Dungeon.
You worshipped Ashenzari.
Ashenzari was pleased with you.
You were not hungry.

You visited 2 branches of the dungeon, and saw 11 of its levels.

You collected 479 gold pieces.

Inventory:

Hand Weapons
 a - a +0 great sword
 b - a +3 scimitar of flaming
 e - a +2 dagger of electrocution
 s - a +4 scimitar
 D - a cursed +1 long sword (weapon)
Armour
 c - a +1 helmet (worn)
 l - a +0 cloak (worn)
 n - a +1 pair of boots (worn)
 p - a +0 troll leather armour
 q - a cursed +2 ring mail of cold resistance (worn)
 r - the +1 leather armour of the Ecumenical Temple {Int+7}
   (You found it on level 4 of the Dungeon)

   It affects your intelligence (+7).
 I - a +0 buckler
 J - the cursed +1 chain mail "Nynwyufa" {+Blink}
   (You took it off an orc on level 3 of the Dungeon)

   It lets you blink.
   It has a curse placed upon it.
Jewellery
 i - a ring of protection from magic (left hand)
 w - a +3 ring of protection
 y - an uncursed ring of magical power
 G - an amulet of faith (around neck)
Wands
 B - a wand of clouds (4)
 E - a wand of random effects (18)
 H - a wand of disintegration (4)
 M - a wand of paralysis (5)
 N - a wand of flame (22)
 O - a wand of iceblast (5)
Scrolls
 g - 5 scrolls of teleportation
 h - a scroll of enchant weapon
 o - a scroll of identify
 v - a scroll of amnesia
 F - a scroll of fog
 P - a scroll of blinking
Potions
 d - a potion of flight
 j - a potion of brilliance
 k - 2 potions of degeneration {unknown}
 m - a potion of heal wounds {unknown}
 t - a potion of resistance
 u - 2 potions of might {unknown}
 x - a potion of lignification
 z - a potion of mutation
 C - a potion of magic {unknown}
 K - a potion of agility
Comestibles
 f - 22 rations
 L - 4 chunks of flesh


   Skills:
 + Level 8.6 Fighting
 + Level 9.5(11.6) Long Blades
 - Level 1.7 Throwing
 + Level 8.1 Armour
 + Level 8.8 Dodging
 + Level 3.2 Spellcasting
 + Level 3.4 Hexes


You had 13 spell levels left.
You knew the following spells:

 Your Spells              Type           Power        Failure   Level  Hunger
a - Confuse               Hex            #.......     36%         3    ####...

Your spell library contained the following spells:

 Spells                   Type           Power        Failure   Level  Hunger
 Corona                   Hex            #......      12%         1    ##.....
 Ensorcelled Hibernation  Hex/Ice        #.....       36%         2    ###....
 Tukima's Dance           Hex            #.......     36%         3    ####...
 Animate Skeleton         Necr           N/A          45%         1    ##.....
 Pain                     Necr           #...         45%         1    ##.....
 Passwall                 Tmut/Erth      #.......     58%         2    ###....
 Swiftness                Chrm/Air       #.......     58%         2    ###....
 Dazzling Flash           Conj/Hex       #.....       58%         3    ####...
 Regeneration             Chrm/Necr      #.........   83%         3    ####...
 Vampiric Draining        Necr           #.........   83%         3    ####...
 Animate Dead             Necr           N/A          99%         4    #####..
 Passage of Golubria      Tloc           N/A          99%         4    #####..
 Lee's Rapid Deconstruct  Erth           #.........   100%        5    ######.
 Darkness                 Hex            #.........   100%        6    #######
 Invisibility             Hex            #.......     100%        6    #######


Dungeon Overview and Level Annotations

Branches:
Dungeon (10/15)            Temple (1/1) D:4             Orc (0/2) D:10
   Lair: D:8-11

Altars:
Ashenzari
Cheibriados
Dithmenos
Elyvilon
Fedhas
Kikubaaqudgha
Nemelex Xobeh
Okawaru
Sif Muna
Trog
Uskayaw
Wu Jian
Xom
Yredelemnul
The Shining One
Beogh

Annotations:
D:9 3 runed translucent doors, kae's ghost, novice HOFi


Innate Abilities, Weirdness & Mutations

You are resistant to torment.
Your stone body is resilient. (AC +8)
You are immune to poison.
You resist negative energy. (rN+)
You are resistant to electric shocks. (rElec)
You can survive without breathing.
You are immune to petrification.
You are immune to rotting.


Message History

* * * LOW HITPOINT WARNING * * *
The troll misses you. The troll claws you but does no damage.
You slash the troll!
The troll is severely wounded.
You hit the troll but do no damage.
The troll is severely wounded.
The troll bites you but does no damage.
The troll claws you but does no damage. x2
You hit the troll.
The troll is severely wounded.
The troll misses you. The troll claws you but does no damage.
The troll misses you.
You closely miss the troll.
The troll is severely wounded.
The troll bites you!
* * * LOW HITPOINT WARNING * * *
The troll claws you but does no damage. x2
You hit the troll but do no damage.
The troll is severely wounded.
The troll bites you.
You die...

......######.##.####.#
#####.#...........##)#
####.#.####.##.#.##.#
#............#.#....#
##...........<#.#.####
##...##.##........#
..................#
##...##.##.#......#
###.###.##......@.# #.#
#.#...#.#T..# ##### #.#
#...........###...## #.#
###...>......^.....# #.#
##...............#
#.######....###.##.....#
#...........###.###...##
###.....##...........#.##
[.##.##.####.####.##.#.#


You could see a troll.

Vanquished Creatures
  Harold (D:7)
  A centaur warrior (D:8)
  Erica (D:8)
  A two-headed ogre (D:9)
  A deep elf mage (D:8)
  Pikel (D:7)
  A cyclops (D:9)
  A centaur skeleton (D:10)
  A troll (D:9)
  4 hippogriffs
  6 yaks (D:9)
  A wyvern (D:8)
  2 hungry ghosts
  The ghost of tasslehoff345 the Cudgeler, an amateur DsGl (D:3)
  Menkaure (D:7)
  A water moccasin (D:10)
  An ice beast (D:10)
  2 slaves (D:7)
  2 orc warriors
  2 sky beasts
  4 black bears
  6 ogres
  A phantom (D:9)
  4 centaurs
  4 big kobolds
  5 bullfrogs
  2 gnoll sergeants
  3 scorpions
  3 killer bees (D:5)
  8 wights (D:6)
  A bullfrog zombie (D:8)
  9 crimson imps
  2 quasits
  A jelly (D:5)
  7 orc wizards
  4 orc priests
  Crazy Yiuf (D:5)
  3 hounds
  9 worker ants
  An iguana (D:9)
  A killer bee zombie (D:9)
  2 hound skeletons
  A worker ant zombie (D:5)
  14 adders
  15 gnolls
  2 shadow imps
  An adder skeleton (D:4)
  2 worms (D:2)
  A dart slug (D:3)
  2 leopard geckos (D:2)
  32 orcs
  7 bats
  6 giant cockroaches
  6 hobgoblins
  8 jackals
  2 quokkas
  A ball python (D:1)
  5 frilled lizards
  4 goblins
  19 kobolds
  A leopard gecko skeleton (D:4)
  2 leopard gecko zombies
  A quokka skeleton (D:8)
  4 rats
  2 fungi (D:9)
251 creatures vanquished.

Vanquished Creatures (others)
  A slave (D:7)
  An ogre (D:8)
  An iguana (D:7)
  6 plants (D:9)
9 creatures vanquished.

Grand Total: 260 creatures vanquished

Notes
Turn   | Place    | Note
-------+----------+-------------------------------------------
     0 | D:1      | Borgoz the Gargoyle Gladiator began the quest for the Orb.
     0 | D:1      | Reached XP level 1. HP: 12/12 MP: 1/1
   295 | D:1      | Reached XP level 2. HP: 16/17 MP: 2/2
   525 | D:1      | Reached skill level 3 in Long Blades
   820 | D:2      | Reached XP level 3. HP: 22/22 MP: 3/3
   837 | D:2      | Reached skill level 1 in Armour
  1322 | D:2      | Found an ornate altar of the Wu Jian Council.
  1639 | D:2      | Reached XP level 4. HP: 25/27 MP: 4/4
  2105 | D:3      | Reached XP level 5. HP: 29/32 MP: 5/5
  2348 | D:3      | Found a runed translucent gate.
  2348 | D:3      | Noticed tasslehoff345's ghost (amateur DsGl)
  2349 | D:3      | Found a runed translucent gate.
  2349 | D:3      | Identified the cursed +1 chain mail "Nynwyufa" {+Blink}
  2350 | D:3      | Found a runed translucent gate.
  2356 | D:3      | Found a roughly hewn altar of Beogh.
  2494 | D:3      | Reached skill level 4 in Long Blades
  2855 | D:4      | Got a distressingly furry leather armour
  2866 | D:4      | Identified the +1 leather armour of the Ecumenical Temple
                  | {Int+7} (You found it on level 4 of the Dungeon)
  2890 | D:4      | Found a staircase to the Ecumenical Temple.
  2904 | Temple   | Entered the Ecumenical Temple
  2927 | Temple   | Became a worshipper of Ashenzari the Shackled
  3042 | D:4      | Reached XP level 6. HP: 29/37 MP: 6/6
  3458 | D:4      | Learned a level 3 spell: Confuse
  3922 | D:5      | Entered Level 5 of the Dungeon
  3957 | D:5      | HP: 2/57 [ogre/+0 giant club (8)]
  3966 | D:5      | Reached XP level 7. HP: 4/42 MP: 7/7
  4311 | D:5      | Reached skill level 5 in Long Blades
  4406 | D:5      | Found a runed translucent door.
  4407 | D:5      | Noticed Crazy Yiuf
  4492 | D:5      | Reached XP level 8. HP: 11/48 MP: 8/8
  4892 | D:5      | Reached skill level 5 in Dodging
  5149 | D:5      | Reached * piety under Ashenzari
  5301 | D:5      | Killed Crazy Yiuf
  5546 | D:6      | Reached skill level 5 in Fighting
  5558 | D:6      | Reached skill level 6 in Long Blades
  5886 | D:6      | Reached XP level 9. HP: 32/54 MP: 9/9
  6733 | D:7      | Noticed Menkaure
  6741 | D:7      | Killed Menkaure
  6741 | D:7      | Reached skill level 5 in Armour
  7046 | D:7      | Reached skill level 7 in Long Blades
  7079 | D:7      | Noticed Harold
  7108 | D:7      | Killed Harold
  7145 | D:7      | Noticed Pikel
  7197 | D:7      | Killed Pikel
  7197 | D:7      | Reached XP level 10. HP: 33/61 MP: 10/10
  7407 | D:7      | Reached skill level 8 in Long Blades
  7912 | D:8      | Noticed a centaur warrior
  8160 | D:3      | Killed tasslehoff345's ghost
  8400 | D:8      | Identified the +10 triple crossbow of Meshuv {flame, rElec
                  | rC+ Str-3 Int+3}
  8406 | D:8      | Noticed a deep elf mage
  8428 | D:8      | Killed a deep elf mage
  8450 | D:8      | Killed a centaur warrior
  8862 | D:8      | Noticed Erica
  8884 | D:8      | Killed Erica
  8884 | D:8      | Reached skill level 1 in Spellcasting
  8884 | D:8      | Reached skill level 1 in Hexes
  8908 | D:8      | Reached skill level 9 in Long Blades
  8977 | D:8      | Reached ** piety under Ashenzari
  8987 | D:8      | Reached XP level 11. HP: 67/67 MP: 12/12
  9353 | D:9      | Noticed a cyclops
  9386 | D:9      | Found a blossoming altar of Fedhas.
  9855 | D:9      | Killed a cyclops
 10005 | D:9      | Noticed a two-headed ogre
 10010 | D:9      | Killed a two-headed ogre
 10180 | D:9      | Found a runed translucent gate.
 10180 | D:9      | Noticed a ten-headed hydra
 10181 | D:9      | Found a runed translucent gate.
 10181 | D:9      | Found a runed translucent gate.
 10181 | D:9      | Noticed kae's ghost (novice HOFi)
 10181 | D:9      | Noticed a nine-headed hydra
 10182 | D:9      | Identified the +7 broad axe of the Last Princes {holy,
                  | Fragile +Inv rElec Stlth+}
 10507 | D:10     | Entered Level 10 of the Dungeon
 11006 | D:10     | Found a staircase to the Orcish Mines.
 11064 | D:9      | Slain by a troll

Levels and vault maps discovered:
D:1:      arrival_zaba_pyramid, layout_basic
D:2:      layout_basic, lemuel_round_altar, first_ration
D:3:      layout_basic, biasface_ghost_orc_armoury
D:4:      layout_cave_pods, minmay_temple_entry_offerings
D:5:      layout_loops_cross, uniq_crazy_yiuf_cottage
D:6:      layout_loops_cross, kennysheep_generic_room_15
D:7:      minmay_evil_eye, layout_basic, uniq_menkaure, uniq_harold, uniq_pikel
D:8:      minmay_cut_squares, layout_basic, minitemple, grunt_ogre_cave,
          uniq_erica
D:9:      layout_loops_ring, gammafunk_ghost_hydra_chop, fedhas_altar_3
D:10:     minmay_recursive_quarters, layout_loops_ring,
          kennysheep_orc_monster_closet_entryway
Temple:   eino_temple_lava

Skill      XL: |  1  2  3  4  5  6  7  8  9 10 11 |
---------------+----------------------------------+-----
Long Blades    | 3 4 5 6 7 9 |  9.5
Armour         | 1 2 3 4 6 7 8 |  8.1
Dodging        | 3 4 5 7 8 |  8.8
Fighting       | 3 4 5 6 7 8 |  8.6
Spellcasting   | 1 3 |  3.2
Hexes          | 1 3 |  3.4
Throwing       | |  1.7

Action                   |  1- 3 |  4- 6 |  7- 9 | 10-12 || total
-------------------------+-------+-------+-------+-------++-------
Melee: Long sword        |   113 |   215 |   424 |   644 ||  1396
Throw: Throwing net      |       |     3 |     3 |     3 ||     9
Invok: Curse Item        |       |       |     2 |       ||     2
Evoke: Wand              |       |       |       |     5 ||     5
  Use: Scroll            |       |     3 |    11 |     6 ||    20
       Potion            |       |     1 |     3 |     7 ||    11
 Stab: Held in net/web   |       |     1 |     3 |     2 ||     6
       Invisible         |       |       |     2 |     4 ||     6
  Eat: Chunk             |     2 |     8 |    12 |    11 ||    33
       Ration            |       |       |       |     2 ||     2
Armor: Leather armour    |    42 |       |       |       ||    42
       Ring mail         |       |   118 |   166 |   293 ||   577
       Skin              |       |     8 |    22 |       ||    30
Dodge: Dodged            |    92 |   158 |   310 |   524 ||  1084
       Rpst.: Long sword |    38 |    50 |   113 |   106 ||   307

Table legend:
 A = Non-vault XP
 B = Vault XP
 C = Vault XP percentage of total XP
 D = Non-vault monster count
 E = Vault monster count
 F = Vault count percentage of total count
                 A         B        C        D         E       F
            +---------+---------+-------+---------+---------+-------
      Total |   11023 |    5316 |  32.5 |     222 |      26 |  10.5
            +---------+---------+-------+---------+---------+-------
        D:1 |      25 |       0 |   0.0 |      16 |       0 |   0.0
        D:2 |      79 |       0 |   0.0 |      23 |       0 |   0.0
        D:3 |     205 |     208 |  50.4 |      23 |       9 |  28.1
        D:4 |     218 |       0 |   0.0 |      19 |       0 |   0.0
        D:5 |    1089 |      40 |   3.5 |      19 |       1 |   5.0
        D:6 |    1089 |       0 |   0.0 |      25 |       0 |   0.0
        D:7 |     704 |    1959 |  73.6 |      16 |       6 |  27.3
        D:8 |     953 |    2870 |  75.1 |      22 |       7 |  24.1
        D:9 |    5041 |       0 |   0.0 |      37 |       0 |   0.0
       D:10 |    1620 |     239 |  12.9 |      22 |       3 |  12.0
            +---------+---------+-------+---------+---------+-------
